 Dungeon Crawl Stone Soup version 0.23-a0-584-g44dd78f (webtiles) character file.

59 zishaf the Insei (level 3, -1/27 HPs)
             Began as a Demonspawn Transmuter on Dec 18, 2018.
             Slain by a hobgoblin
             ... wielding a +0 club
              (3 damage)
             ... on level 2 of the Dungeon.
             The game lasted 00:03:33 (1304 turns).

zishaf the Insei (Demonspawn Transmuter)            Turns: 1304, Time: 00:03:34

Health: -1/27      AC:  3    Str: 11    XL:     3   Next: 78%
Magic:  6/6        EV: 18    Int: 14    God:
Gold:   62         SH:  0    Dex: 18    Spells: 5/6 levels left

rFire    . . .     SeeInvis .     - Unarmed
rCold    . . .     Gourm    +   (no shield)
rNeg     . . .     Faith    .   b - +0 robe
rPois    .         Spirit   .   h - +0 helmet
rElec    .         Reflect  .   (no cloak)
rCorr    .         Harm     .   (no gloves)
MR       .....                  (boots currently unavailable)
Stlth    +++.......             j - amulet of the gourmand
HPRegen  0.09/turn              (no ring)
MPRegen  0.10/turn              (no ring)

@: agile, lethally poisoned (-1 -> -4), appendage, very slightly contaminated,
invisible
A: talons 3, powered by death 1, rot immunity
a: End Transformation


You were on level 2 of the Dungeon.
You were not hungry.
You had grown temporary talons.
You visited 1 branch of the dungeon, and saw 2 of its levels.

You collected 62 gold pieces.

Inventory:

Missiles
 a - 12 arrows
Armour
 b - a +0 robe (worn)
 f - a +0 large shield
 h - a +0 helmet (worn)
Jewellery
 j - an amulet of the gourmand (around neck)
Scrolls
 c - a scroll of immolation {unknown}
 e - 2 scrolls of enchant armour {unknown}
 g - 2 scrolls of teleportation {unknown}
 k - 2 scrolls of identify {unknown}
Comestibles
 d - 3 rations


   Skills:
 + Level 1.8 Fighting
 + Level 2.3 Dodging
 + Level 3.1 Unarmed Combat
 - Level 2.0 Spellcasting
 * Level 2.7 Transmutations


You had 5 spell levels left.
You knew the following spells:

 Your Spells              Type           Power        Failure   Level  Hunger
a - Beastly Appendage     Tmut           #.....       8%          1    ##.....

Your spell library contained the following spells:

 Spells                   Type           Power        Failure   Level  Hunger
 Sticks to Snakes         Tmut           #.......     12%         2    ###....
 Spider Form              Tmut/Pois      #.........   38%         3    ####...
 Ice Form                 Ice/Tmut       #.......     80%         4    #####..
 Blade Hands              Tmut           #.........   91%         5    ######.


Dungeon Overview and Level Annotations

Branches:
Dungeon (2/15)

Altars:


Innate Abilities, Weirdness & Mutations

You regenerate a little health from kills.
You are immune to rotting.
You have claws for feet.


Message History

You hit the adder but do no damage. Your kick misses the adder.
The adder is heavily wounded.
The adder bites you.
* * * LOW HITPOINT WARNING * * *
The adder bites you but does no damage.
You hit the adder. Your kick misses the adder.
The adder is almost dead.
You feel sick. The adder completely misses you.
You hit the adder.
You kill the adder!
It was a potion of agility.
You feel agile all of a sudden.
It was a potion of invisibility.
You fade into invisibility!
The hobgoblin hits you with a +0 club.
* * * LOW HITPOINT WARNING * * *
It was a potion of magic.
Magic courses through your body.
* * * LOW HITPOINT WARNING * * *
You feel sick. The hobgoblin hits you with a +0 club.
You die...

.........
.........
#######.# ###
#.# #.# ..# #.#
#.# ######.#
#.# #.#
#...##.# #.#
#.# #.#.[..#
#.# #.#
#..@##.# #.#
#.#
##g###.###.#
#.# #. #.....#
#.# #!
#.###########.#
#.
#.............#
#.
###############
#. #.


You could see a hobgoblin.

Vanquished Creatures
  An adder (D:2)
  An ooze (D:2)
  3 dart slugs (D:1)
  A ball python (D:1)
  4 bats (D:1)
  A giant cockroach (D:1)
  9 goblins
  4 hobgoblins
  2 jackals (D:1)
  A quokka (D:2)
  4 frilled lizards
  2 kobolds (D:1)
  3 rats (D:1)
36 creatures vanquished.

Vanquished Creatures (others)
  10 toadstools (D:2)
10 creatures vanquished.

Grand Total: 46 creatures vanquished

Notes
Turn   | Place    | Note
-------+----------+-------------------------------------------
     0 | D:1      | zishaf the Demonspawn Transmuter began the quest for the
                  | Orb.
     0 | D:1      | Reached XP level 1. HP: 15/15 MP: 3/3
   297 | D:1      | Gained mutation: You regenerate a little health from kills.
                  | [demonic ancestry]
   297 | D:1      | Reached XP level 2. HP: 16/21 MP: 3/5
   768 | D:1      | Gained mutation: You are immune to rotting. [demonic
                  | ancestry]
   768 | D:1      | Reached XP level 3. HP: 26/26 MP: 6/6
   808 | D:1      | Reached skill level 3 in Unarmed Combat
  1304 | D:2      | Slain by a hobgoblin

Vault maps used:
D:1:      shiori_arrival_maze
D:2:      cheibrodos_fertilizer

Skill      XL: |  1  2  3 |
---------------+----------+-----
Transmutations | 2 |  2.7
Dodging        | 2 |  2.3
Unarmed Combat | 3 |  3.1
Fighting       | |  1.8
Spellcasting   | |  2.0

Action                   || total
-------------------------++-------
Melee: Unarmed           ||   149
       Headbutt          ||     6
       Kick              ||    11
       Punch             ||     3
 Cast: Beastly Appendage ||    18
  Use: Potion            ||     3
 Stab: Sleeping          ||     2
  Eat: Chunk             ||    13
Armor: Robe              ||    38
Dodge: Dodged            ||   112

Table legend:
 A = Non-vault XP
 B = Vault XP
 C = Vault XP percentage of total XP
 D = Non-vault monster count
 E = Vault monster count
 F = Vault count percentage of total count
                 A         B        C        D         E       F
            +---------+---------+-------+---------+---------+-------
      Total |      83 |       2 |   2.4 |      34 |       2 |   5.6
            +---------+---------+-------+---------+---------+-------
        D:1 |      50 |       2 |   3.8 |      26 |       2 |   7.1
        D:2 |      33 |       0 |   0.0 |       8 |       0 |   0.0
            +---------+---------+-------+---------+---------+-------
